[Event "48th Ciutat de Badalona Open 2024"]
[Site "Badalona"]
[Date "2024.08.09"]
[Round "8.4"]
[White "Blasco Coll, Andreu"]
[Black "Vivaan Vishal Shah"]
[Result "1-0"]
[ECO "B22"]
[WhiteElo "2260"]
[BlackElo "2186"]
[Annotator "RC"]
[PlyCount "91"]
[EventDate "2024.07.29"]
[EventType "swiss"]
[EventCountry "ESP"]
[SourceTitle "playchess.com"]
[Source "ChessBase"]
[SourceQuality "1"]
[TimeControl "5400+30"]

1. e4 c5 2. c3 d5 3. exd5 Qxd5 4. d4 Nc6 5. Nf3 Bf5 6. Be3 Nf6 7. Na3 cxd4 8. Bc4 Qa5 9. Nxd4 Nxd4 10. Bxd4 e5 11. Bb5+ Bd7 12. Bxd7+ Nxd7 13. Nc4 Qd5 14. Qe2 f6 15. O-O Be7 16. Rad1 Qc6 17. Be3 Qe6 18. Rd2 O-O 19. Rfd1 Rfd8 20. Na5 Nf8 21. Rxd8 Rxd8 22. Rxd8 Bxd8 23. Nxb7 Bb6 24. b4 Bxe3 25. fxe3 Nd7 26. Qd2 Nb6 27. e4 h5 28. Nc5 Qg4 29. a4 Kh7 30. Qd3 Qg5 31. a5 Qc1+ 32. Kf2 Qf4+ 33. Ke2 Qxh2 34. Qh3 Qxh3 35. gxh3 Nc4 36. Nd7 Kg8 37. Nb8 Nd6 38. Nc6 a6 39. Ke3 g5 40. Nb8 g4 41. hxg4 h4 42. Nxa6 Nxe4 43. Kxe4 h3 44. Kf3 e4+ 45. Kg3 e3 46. Nc5 1-0

[Event "48th Ciutat de Badalona Open 2024"]
[Site "Badalona"]
[Date "2024.08.09"]
[Round "8.6"]
[White "Barath Kalyan M"]
[Black "Vidarte Morales, Arturo"]
[Result "1/2-1/2"]
[ECO "A01"]
[WhiteElo "2174"]
[BlackElo "2166"]
[Annotator "RC"]
[PlyCount "67"]
[EventDate "2024.07.29"]
[EventType "swiss"]
[EventCountry "ESP"]
[SourceTitle "playchess.com"]
[Source "ChessBase"]
[SourceQuality "1"]
[TimeControl "5400+30"]

1. b3 e5 2. Bb2 Nc6 3. c4 Nf6 4. e3 d5 5. cxd5 Nxd5 6. a3 Bd6 7. d3 O-O 8. Nf3 Qe7 9. Be2 f5 10. O-O Bd7 11. Nbd2 Rae8 12. Qc2 Kh8 13. Nc4 a6 14. Rfd1 b5 15. Nxd6 cxd6 16. Rac1 Rc8 17. Qb1 Be6 18. Ba1 Qa7 19. Bf1 Nf6 20. d4 e4 21. d5 Nxd5 22. Rxc6 Rxc6 23. Nd4 Qd7 24. Nxc6 Qxc6 25. Qb2 Nf6 26. Qd2 Rd8 27. Rc1 Qd5 28. Qa5 Ra8 29. a4 Kg8 30. Bd4 bxa4 31. Qxd5 Nxd5 32. bxa4 Rc8 33. Rb1 a5 34. Rb7 1/2-1/2

[Event "48th Ciutat de Badalona Open 2024"]
[Site "Badalona"]
[Date "2024.08.09"]
[Round "8.7"]
[White "Jain, Kushagra"]
[Black "Iglesias Romero, Jorge"]
[Result "1/2-1/2"]
[ECO "C11"]
[WhiteElo "1965"]
[BlackElo "2271"]
[Annotator "RC"]
[PlyCount "65"]
[EventDate "2024.07.29"]
[EventType "swiss"]
[EventCountry "ESP"]
[SourceTitle "playchess.com"]
[Source "ChessBase"]
[SourceQuality "1"]
[TimeControl "5400+30"]

1. e4 e6 2. d4 d5 3. Nc3 Nf6 4. e5 Nfd7 5. f4 c5 6. Nf3 Nc6 7. Be3 a6 8. a3 b5 9. Bd3 Qb6 10. O-O Nxd4 11. Nxd4 cxd4 12. Bf2 Nb8 13. Ne2 Nc6 14. c3 Qc7 15. Nxd4 Nxd4 16. Bxd4 Bc5 17. Qd2 Bd7 18. Qf2 Rc8 19. g4 h5 20. h3 hxg4 21. hxg4 Rh3 22. Rad1 Qd8 23. Kg2 Qh4 24. Qxh4 Rxh4 25. Bxc5 Rxc5 26. Rh1 Rxh1 27. Rxh1 Rc8 28. f5 f6 29. exf6 gxf6 30. fxe6 Bxe6 31. Kf3 Kd7 32. Rh7+ Kd6 33. Ra7 1/2-1/2

[Event "48th Ciutat de Badalona Open 2024"]
[Site "Badalona"]
[Date "2024.08.09"]
[Round "8.8"]
[White "Perpinya Rofes, Lluis Maria"]
[Black "Campins Machado, Francesc"]
[Result "1-0"]
[ECO "B82"]
[WhiteElo "2189"]
[BlackElo "2148"]
[Annotator "RC"]
[PlyCount "89"]
[EventDate "2024.07.29"]
[EventType "swiss"]
[EventCountry "ESP"]
[SourceTitle "playchess.com"]
[Source "ChessBase"]
[SourceQuality "1"]
[TimeControl "5400+30"]

1. e4 c5 2. Nf3 e6 3. d4 cxd4 4. Nxd4 Nf6 5. Nc3 d6 6. Be3 Be7 7. f4 Nc6 8. Qf3 e5 9. Nxc6 bxc6 10. f5 Qa5 11. O-O-O Ba6 12. g4 Bxf1 13. Rhxf1 h6 14. h4 Nd7 15. g5 hxg5 16. hxg5 f6 17. Qe2 Nc5 18. Qc4 Qa6 19. Qb4 O-O-O 20. Rg1 fxg5 21. Bxg5 Bxg5+ 22. Rxg5 Rd7 23. Rg6 Rh6 24. Rxh6 gxh6 25. Rg1 Rb7 26. Rg8+ Kd7 27. Rg7+ Ke8 28. Rxb7 Qxb7 29. Qc4 Qf7 30. Qe2 Qf6 31. b4 Qg5+ 32. Kb2 Nb7 33. Qa6 Nd8 34. Qxa7 h5 35. a4 h4 36. b5 h3 37. Qh7 Qg2 38. f6 Nf7 39. bxc6 Qg1 40. c7 Qb6+ 41. Nb5 Qc5 42. Qg8+ Kd7 43. Qxf7+ Kc8 44. Qe8+ Kb7 45. Qb8+ 1-0

[Event "48th Ciutat de Badalona Open 2024"]
[Site "Badalona"]
[Date "2024.08.09"]
[Round "8.9"]
[White "Infiesta Aguila, Agusti"]
[Black "Weingarten, Phineas"]
[Result "1-0"]
[ECO "D13"]
[WhiteElo "1836"]
[BlackElo "1824"]
[Annotator "NA RC"]
[PlyCount "133"]
[EventDate "2024.07.29"]
[EventType "swiss"]
[EventCountry "ESP"]
[SourceTitle "playchess.com"]
[Source "ChessBase"]
[SourceQuality "1"]
[TimeControl "5400+30"]

1. c4 c6 2. d4 d5 3. cxd5 cxd5 4. Nc3 Nf6 5. Bf4 e6 6. e3 Bd6 7. Bxd6 Qxd6 8. Nf3 Nc6 9. Bd3 O-O 10. O-O e5 11. dxe5 Nxe5 12. Be2 Rd8 13. Qd4 Nc6 14. Qh4 Bf5 15. Rfd1 Qe6 16. Nd4 Qe5 17. Nxf5 Qxf5 18. Rd2 Rd7 19. Rad1 Rad8 20. h3 Qe5 21. Bf3 h6 22. Ne2 a6 23. Nd4 Nxd4 24. Qxd4 Qxd4 25. Rxd4 Kf8 26. Kf1 Ke7 27. Ke2 Ke6 28. Rc1 Rd6 29. Rc7 R8d7 30. Rxd7 Rxd7 31. Bg4+ Nxg4 32. Rxg4 g6 33. Rh4 h5 34. Rd4 Rc7 35. Kd2 Ke5 36. Ra4 Ke6 37. Ra3 Ke5 38. Rc3 Rd7 39. Kd3 Re7 40. Rc8 Rd7 41. Rc5 Kd6 42. Kd4 Ke6 43. a4 Rd6 44. b4 Rd7 45. Rc8 Rd6 46. Kc5 b6+ 47. Kd4 Kd7 48. Ra8 Kc6 49. Rxa6 Kb7 50. b5 Rd8 51. a5 bxa5 52. Rxa5 Kb6 53. Ra2 Kxb5 54. Ra7 f6 55. h4 g5 56. hxg5 fxg5 57. Rg7 Rf8 58. f3 Rf5 59. Rh7 h4 60. Rh6 Kb4 61. Rb6+ Ka3 62. Rd6 g4 63. fxg4 Rg5 64. Rxd5 Rxg4+ 65. e4 Rxg2 66. Rh5 Rd2+ 67. Kc3 1-0

[Event "48th Ciutat de Badalona Open 2024"]
[Site "Badalona"]
[Date "2024.08.09"]
[Round "8.10"]
[White "Comas Molne, Pau"]
[Black "Sanchez Murcia, Daniel"]
[Result "1-0"]
[ECO "E17"]
[WhiteElo "1860"]
[BlackElo "1823"]
[Annotator "NA RC"]
[PlyCount "111"]
[EventDate "2024.07.29"]
[EventType "swiss"]
[EventCountry "ESP"]
[SourceTitle "playchess.com"]
[Source "ChessBase"]
[SourceQuality "1"]
[TimeControl "5400+30"]

1. d4 e6 2. Nf3 b6 3. g3 Bb7 4. c4 d5 5. cxd5 exd5 6. Bg2 Nf6 7. Nc3 Be7 8. O-O Nbd7 9. Bf4 c6 10. Re1 O-O 11. Ne5 Re8 12. Rc1 Rc8 13. e4 Nxe4 14. Nxe4 dxe4 15. Bh3 Nxe5 16. Bxe5 Qd5 17. Bxc8 Bxc8 18. Qb3 Qxb3 19. axb3 f6 20. Bf4 Bb4 21. Re2 Ba6 22. Rec2 Bb5 23. Bd2 Bxd2 24. Rxd2 Rd8 25. g4 g6 26. Kg2 Kf7 27. Kg3 Ke6 28. h4 Kd5 29. Kf4 Rf8 30. Re1 f5 31. g5 Rf7 32. h5 Bd3 33. hxg6 hxg6 34. Rc1 Rh7 35. Kg3 Rh5 36. f4 Rh7 37. Rh2 Re7 38. Rh8 Rd7 39. Re8 Bb5 40. Rd1 Bd3 41. Kf2 Rh7 42. Rd8+ Ke6 43. Kg3 Rg7 44. Rh1 Be2 45. Rhh8 Bb5 46. Rhe8+ Kf7 47. Rf8+ Ke7 48. Rfe8+ Kf7 49. Rd7+ Kxe8 50. Rxg7 e3 51. Rxg6 e2 52. Kf2 Ke7 53. Rf6 Bd3 54. Rxc6 Kf7 55. d5 e1=Q+ 56. Kxe1 1-0

[Event "48th Ciutat de Badalona Open 2024"]
[Site "Badalona"]
[Date "2024.08.10"]
[Round "9.1"]
[White "Blasco Coll, Andreu"]
[Black "Berdayes Ason, Dylan Isidro"]
[Result "1/2-1/2"]
[ECO "C54"]
[WhiteElo "2260"]
[BlackElo "2476"]
[Annotator "TA"]
[PlyCount "52"]
[EventDate "2024.07.29"]
[EventType "swiss"]
[EventCountry "ESP"]
[SourceTitle "playchess.com"]
[Source "ChessBase"]
[SourceQuality "1"]
[TimeControl "5400+30"]

1. e4 e5 2. Nf3 Nc6 3. Bc4 Bc5 4. c3 Nf6 5. d3 d6 6. O-O a5 7. Re1 Ba7 8. Bb3 O-O 9. h3 Be6 10. Bc2 Ne7 11. Be3 Bxe3 12. Rxe3 Ng6 13. d4 h6 14. Nbd2 b5 15. a4 c6 16. Bb3 Qe7 17. Bxe6 Qxe6 18. axb5 cxb5 19. d5 Qc8 20. b4 Qc7 21. Qf1 Rfb8 22. Nb3 axb4 23. cxb4 Rxa1 {[%emt 0:08:34] The position is equal.} 24. Qxa1 Nf4 25. Na5 Ra8 26. Qf1 Qd7 {[%emt 0:06:51] A rather calm draw.   Weighted Error Value: White=0.07 (flawless) /Black=0.04 (flawless) .  Inaccurate:     	White=1     	---        OK:         	White=6     	Black=7      Best:        	---       	Black=1} 1/2-1/2

[Event "48th Ciutat de Badalona Open 2024"]
[Site "Badalona"]
[Date "2024.08.10"]
[Round "9.2"]
[White "Cruz, Filemon"]
[Black "Vitier Vazquez, Cristian"]
[Result "0-1"]
[ECO "A88"]
[WhiteElo "2249"]
[BlackElo "2357"]
[Annotator "RC"]
[PlyCount "72"]
[EventDate "2024.07.29"]
[EventType "swiss"]
[EventCountry "ESP"]
[SourceTitle "playchess.com"]
[Source "ChessBase"]
[SourceQuality "1"]
[TimeControl "5400+30"]

1. c4 f5 2. d4 Nf6 3. g3 g6 4. Bg2 Bg7 5. Nf3 O-O 6. O-O d6 7. Nc3 c6 8. d5 e5 9. dxe6 Bxe6 10. Bf4 Bxc4 11. Bxd6 Re8 12. Ne5 Be6 13. Ba3 Nbd7 14. Nd3 Ng4 15. Qc2 Qa5 16. Na4 Qb5 17. b3 Bd5 18. Bxd5+ Qxd5 19. Rad1 Qe4 20. Nc3 Qe6 21. Bb2 Rad8 22. h3 Ngf6 23. Nf4 Qf7 24. h4 Bh6 25. e3 Ne5 26. Nce2 Rxd1 27. Rxd1 Nfg4 28. Kg2 Bg7 29. Ng1 Nxf2 30. Qxf2 Ng4 31. Qd2 Bxb2 32. Qxb2 Nxe3+ 33. Kh3 Nxd1 34. Qd4 Ne3 35. Nf3 Nd5 36. Ng5 Nxf4+ 0-1

[Event "48th Ciutat de Badalona Open 2024"]
[Site "Badalona"]
[Date "2024.08.10"]
[Round "9.3"]
[White "Vidarte Morales, Arturo"]
[Black "Chavez Suarez, Carlos Alberto"]
[Result "0-1"]
[ECO "B38"]
[WhiteElo "2166"]
[BlackElo "2279"]
[Annotator "RC"]
[PlyCount "76"]
[EventDate "2024.07.29"]
[EventType "swiss"]
[EventCountry "ESP"]
[SourceTitle "playchess.com"]
[Source "ChessBase"]
[SourceQuality "1"]
[TimeControl "5400+30"]

1. c4 Nf6 2. Nc3 c5 3. Nf3 g6 4. d4 cxd4 5. Nxd4 Bg7 6. e4 d6 7. Be2 Nc6 8. Be3 O-O 9. Qd2 a5 10. O-O Bd7 11. f3 Nxd4 12. Bxd4 a4 13. Rab1 Bc6 14. Rfc1 Nd7 15. Be3 Nc5 16. Bf1 Be5 17. Nb5 b6 18. Rd1 Qc8 19. Nd4 Bb7 20. b4 axb3 21. axb3 Qb8 22. b4 Ne6 23. Ne2 Ra3 24. f4 Bg7 25. f5 Nd8 26. Ng3 Be5 27. Bf4 Qa8 28. Bxe5 dxe5 29. Qb2 Nc6 30. Ra1 Rxa1 31. Rxa1 Qb8 32. c5 bxc5 33. bxc5 Qc7 34. Qb6 Qd7 35. Qb2 Rc8 36. Rb1 Ba8 37. Ra1 Nd4 38. Qb6 Nf3+ 0-1

[Event "48th Ciutat de Badalona Open 2024"]
[Site "Badalona"]
[Date "2024.08.10"]
[Round "9.4"]
[White "Nagare Kaivalya Sandip"]
[Black "Vaibhav Jayant Raut"]
[Result "1/2-1/2"]
[ECO "B42"]
[WhiteElo "2273"]
[BlackElo "2101"]
[Annotator "RC"]
[PlyCount "123"]
[EventDate "2024.07.29"]
[EventType "swiss"]
[EventCountry "ESP"]
[SourceTitle "playchess.com"]
[Source "ChessBase"]
[SourceQuality "1"]
[TimeControl "5400+30"]

1. e4 c5 2. Nf3 e6 3. d4 cxd4 4. Nxd4 a6 5. Bd3 Ne7 6. O-O Nbc6 7. c3 g6 8. Bf4 d6 9. Nd2 Bg7 10. Nc4 Ne5 11. Nf3 N7c6 12. Be2 Nxc4 13. Bxc4 Ne5 14. Be2 O-O 15. Qd2 Nxf3+ 16. Bxf3 e5 17. Bg5 f6 18. Qd5+ Rf7 19. Be3 Qe7 20. Rfd1 Bf8 21. Be2 Be6 22. Qd2 b5 23. a4 Qb7 24. axb5 axb5 25. Rxa8 Qxa8 26. Bxb5 Qxe4 27. b4 f5 28. f3 Qb7 29. c4 f4 30. Bf2 g5 31. Ra1 g4 32. Ra7 Qc8 33. Rxf7 Bxf7 34. Qe2 Qa8 35. c5 Qa1+ 36. Qf1 Qc3 37. c6 gxf3 38. gxf3 Bd5 39. Qh3 e4 40. Qg4+ Bg7 41. fxe4 Qc1+ 42. Bf1 Bc4 43. Qh3 Bxf1 44. Qxf1 Qxc6 45. Qd3 Qc1+ 46. Kg2 Be5 47. b5 Qc8 48. b6 Kg7 49. h3 Qc6 50. Qd5 Qc3 51. Qd1 Qc6 52. Qd3 h5 53. Qd5 Qc3 54. Qd1 Qc6 55. Qxh5 Qxe4+ 56. Qf3 d5 57. b7 Bb8 58. h4 Kh6 59. Bg1 Qc2+ 60. Bf2 Qe4 61. Bc5 Qc2+ 62. Bf2 1/2-1/2

[Event "48th Ciutat de Badalona Open 2024"]
[Site "Badalona"]
[Date "2024.08.10"]
[Round "9.5"]
[White "Diaz Perez, Michel Alejandro"]
[Black "Perpinya Rofes, Lluis Maria"]
[Result "1-0"]
[ECO "B33"]
[WhiteElo "2487"]
[BlackElo "2189"]
[Annotator "TA"]
[PlyCount "101"]
[EventDate "2024.07.29"]
[EventType "swiss"]
[EventCountry "ESP"]
[SourceTitle "playchess.com"]
[Source "ChessBase"]
[SourceQuality "1"]
[TimeControl "5400+30"]

1. e4 c5 2. Nf3 Nc6 3. d4 cxd4 4. Nxd4 Nf6 5. Nc3 e6 6. Ndb5 d6 7. Bf4 e5 8. Bg5 a6 9. Na3 Be6 10. Nc4 Rb8 11. Be2 {[%emt 0:04:37] White is more active.} Nd4 12. O-O {[%emt 0:05:12] White is slightly better.} Be7 13. Bxf6 Bxf6 14. Ne3 O-O 15. Ncd5 Bg5 16. c3 Bxe3 17. Nxe3 Nxe2+ 18. Qxe2 b5 19. Rfd1 Qb6 20. Rd2 Rbd8 21. h4 Qc6 22. Qf3 f5 23. exf5 Qxf3 24. gxf3 Bxf5 25. Rad1 Bc8 $1 26. Rxd6 Rxd6 27. Rxd6 Rxf3 $14 {[%emt 0:00:59][%mdl 4096] Endgame. KRB-KRN} 28. Nd5 Kf7 {[%emt 0:01:48] Inhibits Ne7.} 29. Rc6 Be6 30. Ne3 Bxa2 31. Rxa6 Bc4 32. Rc6 Rf4 33. h5 Be2 34. Rc7+ Kf8 35. Rc5 Rh4 36. Rxe5 {[%emt 0:08:33] Hoping for Ng2.} Rxh5 37. Re4 g5 {[%emt 0:00:18] ...Bf3 would now be deadly.} 38. Re5 Kg7 39. Kg2 Kf6 40. Rc5 Rh4 41. f3 h5 42. Rc6+ Ke5 43. Kg3 Bc4 (43... Rf4 $11 44. Rc5+ Kd6) 44. Rg6 $16 Rh1 45. Rxg5+ Kf6 {[%emt 0:00:21] [#]} (45... Kd6 $142) 46. Rc5 $1 Rg1+ (46... Bd3 {is a better defense.} 47. Nd5+ Kf7) 47. Kf4 h4 {[%emt 0:00:22] [#]} (47... Rh1 $142 48. Nxc4 bxc4) 48. Rh5 $1 $18 ({Don't do} 48. Nxc4 bxc4 49. Rh5 (49. Rxc4 h3 $11) 49... Rh1) 48... Rh1 (48... Be6 {might work better.} 49. Rxh4 Re1 50. Rh6+ Kf7 51. Rh7+ Kf6) 49. Nxc4 {[%emt 0:01:50] White has a decisive advantage.} bxc4 50. Kg4 Rh2 51. Rxh4 {[%emt 0:00:49] Weighted Error Value: White=0.05 (flawless) /Black=0.14 (very precise) .  Mistake:       	---       	Black=5      Inaccurate:     	White=2     	---        OK:         	White=18    	Black=21     Best:        	White=4     	Black=3      Strong:       	White=1     	Black=1} 1-0

[Event "48th Ciutat de Badalona Open 2024"]
[Site "Badalona"]
[Date "2024.08.10"]
[Round "9.6"]
[White "Iglesias Romero, Jorge"]
[Black "Huh, Isaak"]
[Result "1-0"]
[ECO "B51"]
[WhiteElo "2271"]
[BlackElo "2082"]
[Annotator "RC"]
[PlyCount "110"]
[EventDate "2024.07.29"]
[EventType "swiss"]
[EventCountry "ESP"]
[SourceTitle "playchess.com"]
[Source "ChessBase"]
[SourceQuality "1"]
[TimeControl "5400+30"]

1. e4 c5 2. Nf3 d6 3. Bb5+ Nd7 4. Ba4 Ngf6 5. O-O e6 6. Re1 Be7 7. c3 O-O 8. d4 cxd4 9. cxd4 a6 10. Bc2 b5 11. Qd3 e5 12. Nc3 Bb7 13. a3 Rc8 14. Bg5 g6 15. Bh6 Re8 16. Rad1 Ng4 17. Bc1 exd4 18. Nxd4 Bf6 19. h3 Nge5 20. Qg3 Bg7 21. Bg5 Qb6 22. Nf5 gxf5 23. Bh6 Ng6 24. Bxg7 f4 25. Qg4 Nde5 26. Bxe5 dxe5 27. Bb3 Kg7 28. Rd7 Rc7 29. Bxf7 Rxd7 30. Bxg6 Qxg6 31. Qxd7+ Kh8 32. f3 Rg8 33. Re2 Bc8 34. Qe7 Re8 35. Qh4 Be6 36. Rd2 Bc8 37. Kh1 Be6 38. Rd8 Rxd8 39. Qxd8+ Bg8 40. Nd5 Qg3 41. Qf6+ Qg7 42. Qxg7+ Kxg7 43. Nc7 Kf6 44. Nxa6 Ke6 45. Nc5+ Kd6 46. b4 h5 47. h4 Bc4 48. Kg1 Be2 49. Kf2 Bd1 50. Nd3 Bc2 51. Nc1 Bd1 52. g3 fxg3+ 53. Kxg3 Bc2 54. Kf2 Bd1 55. Ke3 Ke6 1-0

[Event "48th Ciutat de Badalona Open 2024"]
[Site "Badalona"]
[Date "2024.08.10"]
[Round "9.7"]
[White "Boggarapu, Kritan"]
[Black "Pimpalkhare Vedant"]
[Result "0-1"]
[ECO "C11"]
[WhiteElo "1971"]
[BlackElo "2191"]
[Annotator "RC"]
[PlyCount "100"]
[EventDate "2024.07.29"]
[EventType "swiss"]
[EventCountry "ESP"]
[SourceTitle "playchess.com"]
[Source "ChessBase"]
[SourceQuality "1"]
[TimeControl "5400+30"]

1. e4 e6 2. d4 d5 3. Nc3 Nf6 4. e5 Nfd7 5. f4 c5 6. Nf3 Nc6 7. Be3 cxd4 8. Nxd4 Bc5 9. Qd2 O-O 10. O-O-O a6 11. Qf2 Bxd4 12. Bxd4 b5 13. Kb1 b4 14. Na4 Nxd4 15. Qxd4 Qa5 16. b3 Bb7 17. c3 bxc3 18. Qxc3 Qxc3 19. Nxc3 g5 20. fxg5 Nxe5 21. Be2 Rac8 22. Na4 Rfd8 23. Rhe1 Nd7 24. b4 Bc6 25. Nc3 Rb8 26. a3 a5 27. b5 Nc5 28. Kc2 Be8 29. Rd4 Rdc8 30. Kb2 Bc6 31. Bf1 Re8 32. Rdd1 Ba8 33. Rd2 Rbd8 34. Red1 Rd6 35. Bc4 Red8 36. Rd4 Kf8 37. Ba2 e5 38. Rh4 d4 39. Ne2 Be4 40. Bc4 Bg6 41. Nc1 e4 42. Rh3 e3 43. g4 Re8 44. Ne2 d3 45. Nc3 e2 46. Re1 Rd4 47. Ba2 d2 48. Rxe2 Rxe2 49. Nxe2 d1=Q 50. Nxd4 Na4# 0-1

[Event "48th Ciutat de Badalona Open 2024"]
[Site "Badalona"]
[Date "2024.08.10"]
[Round "9.8"]
[White "Vivaan Vishal Shah"]
[Black "Marabajan Navas, Saul"]
[Result "1-0"]
[ECO "B23"]
[WhiteElo "2186"]
[BlackElo "2077"]
[Annotator "RC"]
[PlyCount "157"]
[EventDate "2024.07.29"]
[EventType "swiss"]
[EventCountry "ESP"]
[SourceTitle "playchess.com"]
[Source "ChessBase"]
[SourceQuality "1"]
[TimeControl "5400+30"]

1. e4 c5 2. Nc3 Nc6 3. Bb5 Nd4 4. Nf3 a6 5. Bd3 g6 6. Nxd4 cxd4 7. Ne2 d5 8. e5 Bg7 9. f4 f6 10. exf6 Nxf6 11. O-O O-O 12. Ng3 e6 13. b3 Ne8 14. Bb2 Nd6 15. Qe2 Bd7 16. Rae1 Rf7 17. Rf3 Qb6 18. Qf2 Re8 19. Ne2 Ne4 20. Bxd4 Qa5 21. Bxe4 dxe4 22. Re3 Qxd2 23. Bxg7 Rxg7 24. Ng3 Qxf2+ 25. Kxf2 Rf7 26. Rxe4 Bc6 27. Rxe6 Rxf4+ 28. Kg1 Rd8 29. Nf1 Rfd4 30. h3 Rc8 31. R1e2 Bb5 32. c4 Bd7 33. Re7 b5 34. Rd2 Rxd2 35. Nxd2 bxc4 36. Nxc4 Bb5 37. Ne3 Rc1+ 38. Kh2 Ra1 39. a4 Bd3 40. Rd7 Be4 41. Ng4 Bc2 42. Nf6+ Kf8 43. Nxh7+ Ke8 44. Nf6+ Kf8 45. Rb7 Ra3 46. Nd7+ Ke7 47. Nc5+ Kf6 48. Rb6+ Kf5 49. b4 a5 50. bxa5 Bxa4 51. a6 Bd1 52. Rb7 g5 53. a7 g4 54. hxg4+ Bxg4 55. Nd7 Ra2 56. Nb6 Bf3 57. Rf7+ Kg4 58. Rxf3 Rxa7 59. Nd5 Ra2 60. Ne3+ Kh4 61. Rf4+ Kg5 62. Rg4+ Kh5 63. Re4 Kg5 64. Kg3 Ra5 65. Kf3 Rb5 66. g4 Ra5 67. Nc4 Ra1 68. Re5+ Kg6 69. Ne3 Ra4 70. Nd5 Ra1 71. Nf4+ Kf6 72. Rf5+ Kg7 73. g5 Rf1+ 74. Kg2 Ra1 75. Rf6 Ra3 76. Ne6+ Kh7 77. g6+ Kh6 78. g7+ Kh5 79. Nf4+ 1-0

[Event "48th Ciutat de Badalona Open 2024"]
[Site "Badalona"]
[Date "2024.08.10"]
[Round "9.9"]
[White "Comas Molne, Pau"]
[Black "Infiesta Aguila, Agusti"]
[Result "1/2-1/2"]
[ECO "E09"]
[WhiteElo "1860"]
[BlackElo "1836"]
[Annotator "NA RC"]
[PlyCount "84"]
[EventDate "2024.07.29"]
[EventType "swiss"]
[EventCountry "ESP"]
[SourceTitle "playchess.com"]
[Source "ChessBase"]
[SourceQuality "1"]
[TimeControl "5400+30"]

1. d4 d5 2. Nf3 Nf6 3. c4 e6 4. g3 Be7 5. Bg2 O-O 6. O-O c6 7. Nbd2 Nbd7 8. Qc2 b6 9. e4 dxe4 10. Nxe4 Nxe4 11. Qxe4 Bb7 12. b3 Nf6 13. Qe2 c5 14. Bb2 cxd4 15. Nxd4 Bxg2 16. Kxg2 Qc7 17. Rad1 Rfd8 18. Qf3 Rac8 19. Rd3 e5 20. Nb5 e4 21. Rxd8+ Qxd8 22. Qd1 a6 23. Bxf6 axb5 24. Qxd8+ Bxd8 25. Bxd8 Rxd8 26. cxb5 Rd2 27. Rc1 f5 28. Kf1 Rxa2 29. Rc6 Rb2 30. Rxb6 Rxb3 31. Rb7 Rb2 32. b6 h6 33. h4 g5 34. Rb8+ Kg7 35. Rb7+ Kg8 36. hxg5 hxg5 37. Ke1 f4 38. gxf4 gxf4 39. Rb8+ Kg7 40. Re8 Rb1+ 41. Ke2 Rb2+ 42. Kd1 Rb1+ 1/2-1/2

[Event "48th Ciutat de Badalona Open 2024"]
[Site "Badalona"]
[Date "2024.08.10"]
[Round "9.10"]
[White "Lozano Ruiz, David"]
[Black "Weingarten, Phineas"]
[Result "1-0"]
[ECO "D46"]
[WhiteElo "1894"]
[BlackElo "1824"]
[Annotator "NA"]
[PlyCount "83"]
[EventDate "2024.07.29"]
[EventType "swiss"]
[EventCountry "ESP"]
[SourceTitle "playchess.com"]
[Source "ChessBase"]
[SourceQuality "1"]
[TimeControl "5400+30"]

1. d4 d5 2. c4 c6 3. Nf3 Nf6 4. Nc3 e6 5. e3 Nbd7 6. Bd3 Bd6 7. O-O O-O 8. Bd2 Re8 9. cxd5 exd5 10. Rb1 Ne4 11. Qc2 Ndf6 12. b4 a6 13. a4 Qe7 14. b5 axb5 15. axb5 Bg4 16. Be2 Bf5 17. Bd3 Nxc3 18. Bxc3 Be4 19. Ne5 cxb5 20. Rxb5 Rec8 21. Rb3 Bxe5 22. dxe5 Bxd3 23. Qxd3 Ne4 24. Bd4 Ra2 25. Rb2 Rca8 26. Qb3 Nd2 27. Rxa2 Rxa2 28. Qxa2 Nxf1 29. Qa8+ Qf8 30. Qxf8+ Kxf8 31. Kxf1 Ke7 32. Ke2 g6 33. Kd3 Kd7 34. Bc5 Kc6 35. Kd4 b6 36. Bf8 h5 37. h4 Kb5 38. Kxd5 Ka4 39. e6 fxe6+ 40. Kxe6 b5 41. Kf6 b4 42. Bxb4 1-0